 Dungeon Crawl Stone Soup version 0.22.1-1-ga44c0e5 (webtiles) character file.

718737 Garbasso the Slayer (level 27, -16/238 HPs)
             Began as a Demonspawn Berserker on Oct 6, 2018.
             Was an Elder of Trog.
             Killed from afar by Dyman the pandemonium lord (82 damage)
             ... with a great icy blast
             ... on level 5 of the Realm of Zot on Oct 7, 2018.
             The game lasted 07:06:42 (71960 turns).

Garbasso the Slayer (Demonspawn Berserker)         Turns: 71960, Time: 07:06:43

Health: -16/238    AC: 32    Str: 29    XL:     27
Magic:  0/35       EV: 25    Int: 11    God:    Trog [****..]
Gold:   3118       SH: 28    Dex: 20    Spells: 26/26 levels left

rFire    + + +     SeeInvis +   a - +9 broad axe (freeze)
rCold    . . .     Gourm    .   i - +4 shield "Ecuimis" {Dex+2 SInv Stlth-}
rNeg     . . .     Faith    .   B - +3 fire dragon scales
rPois    .         Spirit   +   (helmet unavailable)
rElec    .         Reflect  .   H - +2 cloak
rCorr    .         Harm     .   Z - +3 pair of gauntlets of War {Slay+5}
MR       +++++                  U - +2 pair of boots {run}
Stlth    ..........             O - amulet of guardian spirit
HPRegen  2.49/turn              u - ring "Nefat" {MR+ Str+4 Int+4}
MPRegen  0.24/turn              N - ring of protection from fire

@: regenerating, quick
A: claws 1, horns 3, large bone plates 3, camouflage 1, clumsy 1, cold
resistance 1, dopey 1, foul stench 2, passive freeze, powered by death 3,
screaming 3, strong 1, rot immunity, freezing cloud immunity
0: Orb of Zot
}: 3/15 runes: barnacled, abyssal, gossamer
a: Berserk, Trog's Hand, Brothers in Arms, Renounce Religion


You were on level 5 of the Realm of Zot.
You worshipped Trog.
Trog was greatly pleased with you.
You were not hungry.

You visited 13 branches of the dungeon, and saw 53 of its levels.
You visited the Abyss 2 times.
You visited 1 bazaar.
You visited 1 ziggurat, and saw 9 of its levels.
You also visited: Trove, Sewer, Ossuary, Ice Cave, Volcano, Wizlab and Desolation.

You collected 7269 gold pieces.
You spent 4151 gold pieces at shops.

Inventory:

Hand Weapons
 a - a +9 broad axe of freezing (weapon)
 b - the +8 hunting sling "Qauruly" {speed, rN+ Str+2}
   (You found it on level 9 of the Dungeon)

   Attacks with this weapon are significantly faster.
   It affects your strength (+2).
   It protects you from negative energy.
Missiles
 g - 5 javelins of penetration (quivered)
 w - 3 throwing nets
 L - 833 sling bullets
Armour
 i - the +4 shield "Ecuimis" (worn) {Dex+2 SInv Stlth-}
   (You found it in the Desolation of Salt)

   It affects your dexterity (+2).
   It lets you see invisible.
   It makes you less stealthy.
 B - +3 fire dragon scales (worn)
 H - a +2 cloak (worn)
 I - the +9 scales of the Dragon King {rPois rF+ rC+ MR+}
   (You found it on level 8 of a ziggurat)

   It protects you from fire.
   It protects you from cold.
   It protects you from poison.
   It affects your resistance to hostile enchantments.
 U - a +2 pair of boots of running (worn)
 Z - the +3 pair of gauntlets of War (worn) {Slay+5}
   (You bought it in a shop on level 2 of the Orcish Mines)

   It affects your accuracy and damage with ranged weapons and melee attacks
   (+5).
Jewellery
 q - a +6 ring of protection
 u - the ring "Nefat" (left hand) {MR+ Str+4 Int+4}
   (You found it in the Desolation of Salt)

   [ring of intelligence]

   It affects your strength (+4).
   It affects your intelligence (+4).
   It affects your resistance to hostile enchantments.
 N - a ring of protection from fire (right hand)
 O - an amulet of guardian spirit (around neck)
Wands
 m - a wand of iceblast (7)
 r - a wand of clouds (10)
 x - a wand of digging (37)
 Q - a wand of acid (27)
 S - a wand of paralysis (12)
 Y - a wand of disintegration (14)
Scrolls
 d - 20 scrolls of remove curse
 j - 21 scrolls of teleportation
 p - a scroll of blinking
 v - 3 scrolls of silence
 y - 4 scrolls of magic mapping
 A - 4 scrolls of summoning
 D - 24 scrolls of identify
 F - a scroll of brand weapon
 G - 7 scrolls of fog
 M - 5 scrolls of fear
Potions
 e - 4 potions of invisibility
 f - 9 potions of mutation
 l - 5 potions of ambrosia
 n - 15 potions of curing
 o - 8 potions of agility
 s - a potion of cancellation
 t - 5 potions of haste
 z - 4 potions of flight
 C - 4 potions of magic
 E - 2 potions of heal wounds
 J - 10 potions of might
Miscellaneous
 h - a box of beasts
 k - a fan of gales
 P - 8 phantom mirrors
 V - a lightning rod (4/4)
 X - a lamp of fire
Comestibles
 c - 57 rations


   Skills:
 + Level 24.2 Fighting
 - Level 18.0 Axes
 - Level 14.4 Slings
 * Level 22.2 Armour
 - Level 18.0 Dodging
 - Level 15.5 Shields
 + Level 16.8 Evocations


You had 26 spell levels left.
You didn't know any spells.
Your spell library contained the following spells:

 Spells                   Type           Power        Failure   Level  Hunger
 Animate Skeleton         Necr           N/A          50%         1    ##.....
 Apportation              Tloc           #.....       50%         1    ##.....
 Confusing Touch          Hex            #.....       50%         1    ##.....
 Corona                   Hex            #......      50%         1    ##.....
 Flame Tongue             Conj/Fire      #....        50%         1    ##.....
 Magic Dart               Conj           #...         50%         1    ##.....
 Pain                     Necr           #...         50%         1    ##.....
 Sandblast                Erth           #.....       50%         1    ##.....
 Summon Butterflies       Summ           #.......     50%         1    ##.....
 Summon Small Mammal      Summ           #...         50%         1    ##.....
 Blink                    Tloc           N/A          65%         2    ###....
 Call Imp                 Summ           #.......     65%         2    ###....
 Corpse Rot               Necr           N/A          65%         2    ###....
 Passwall                 Tmut/Erth      #.......     65%         2    ###....
 Searing Ray              Conj           #.....       65%         2    ###....
 Slow                     Hex            #.......     65%         2    ###....
 Sublimation of Blood     Necr           #.........   65%         2    ###....
 Throw Flame              Conj/Fire      #.....       65%         2    ###....
 Call Canine Familiar     Summ           #.......     86%         3    ####...
 Conjure Flame            Conj/Fire      #.......     86%         3    ####...
 Dazzling Spray           Conj/Hex       #.....       86%         3    ####...
 Ignite Poison            Fire/Tmut/Pois #.......     86%         3    ####...
 Inner Flame              Hex/Fire       #.......     86%         3    ####...
 Lesser Beckoning         Tloc           #.........   86%         3    ####...
 Mephitic Cloud           Conj/Pois/Air  #.......     86%         3    ####...
 Portal Projectile        Hex/Tloc       #.....       86%         3    ####...
 Recall                   Summ/Tloc      N/A          86%         3    ####...
 Static Discharge         Conj/Air       #.......     86%         3    ####...
 Stone Arrow              Conj/Erth      #.....       86%         3    ####...
 Tukima's Dance           Hex            #.......     86%         3    ####...
 Vampiric Draining        Necr           #.........   86%         3    ####...
 Animate Dead             Necr           N/A          99%         4    #####..
 Cause Fear               Hex            #.........   99%         4    #####..
 Force Lance              Conj/Tloc      #.......     99%         4    #####..
 Fulminant Prism          Conj/Hex       #.........   99%         4    #####..
 Ice Form                 Ice/Tmut       #.......     99%         4    #####..
 Iskenderun's Mystic Bla  Conj           #.......     99%         4    #####..
 Leda's Liquefaction      Hex/Erth       #.........   99%         4    #####..
 Petrify                  Tmut/Erth      #.......     99%         4    #####..
 Sticky Flame             Conj/Fire      #.......     99%         4    #####..
 Summon Ice Beast         Ice/Summ       #.......     99%         4    #####..
 Throw Icicle             Conj/Ice       #.......     99%         4    #####..
 Alistair's Intoxication  Tmut/Pois      #.......     100%        5    ######.
 Aura of Abjuration       Summ           #.........   100%        5    ######.
 Borgnjor's Vile Clutch   Necr/Erth      #.........   100%        5    ######.
 Dispel Undead            Necr           #.......     100%        5    ######.
 Excruciating Wounds      Chrm/Necr      #.........   100%        5    ######.
 Irradiate                Conj/Tmut      #.........   100%        5    ######.
 Iskenderun's Battlesphe  Conj/Chrm      #.......     100%        5    ######.
 Silence                  Hex/Air        #.........   100%        5    ######.
 Summon Demon             Summ           #.........   100%        5    ######.
 Summon Forest            Summ/Tloc      #.........   100%        5    ######.
 Summon Mana Viper        Hex/Summ       #.......     100%        5    ######.
 Yara's Violent Unravell  Hex/Tmut       #.........   100%        5    ######.
 Bolt of Cold             Conj/Ice       #.........   100%        6    #######
 Bolt of Fire             Conj/Fire      #.........   100%        6    #######
 Death Channel            Necr           #.........   100%        6    #######
 Deflect Missiles         Chrm/Air       #.........   100%        6    #######
 Hydra Form               Tmut           #.........   100%        6    #######
 Invisibility             Hex            #.......     100%        6    #######
 Iron Shot                Conj/Erth      #.........   100%        6    #######
 Shadow Creatures         Summ           N/A          100%        6    #######
 Simulacrum               Ice/Necr       #.........   100%        6    #######
 Statue Form              Tmut/Erth      #........    100%        6    #######
 Dragon Form              Tmut           #.........   100%        7    #######
 Haunt                    Necr/Summ      #.........   100%        7    #######
 Summon Hydra             Summ           #.........   100%        7    #######
 Borgnjor's Revivificati  Necr           #.........   100%        8    #######
 Death's Door             Chrm/Necr      #.........   100%        8    #######
 Discord                  Hex            #.........   100%        8    #######
 Disjunction              Tloc           #.........   100%        8    #######
 Ignition                 Fire           #.........   100%        8    #######
 Infestation              Necr           #.........   100%        8    #######
 Necromutation            Tmut/Necr      #.........   100%        8    #######
 Dragon's Call            Summ           #.........   100%        9    #######


Dungeon Overview and Level Annotations

Branches:
Dungeon (15/15)            Temple (0/1) D:7            Lair (6/6) D:8
 Shoals (4/4) Lair:4       Spider (4/4) Lair:4        Slime (0/5) Lair:5
    Orc (2/2) D:12            Elf (3/3) Orc:2        Vaults (4/5) D:14
  Crypt (2/3) Vaults:3     Depths (5/5) D:15           Hell (1/1)
    Dis (0/7) Hell            Geh (1/7) Hell            Coc (1/7) Hell
    Tar (0/7) Hell            Zot (5/5) Depths:5

Altars:
Ashenzari
Cheibriados
Elyvilon
Fedhas
Gozag
Hepliaklqana
Kikubaaqudgha
Makhleb
Nemelex Xobeh
Sif Muna
Vehumet
Xom
Yredelemnul
Zin
The Shining One
Jiyva

Shops:
D:6 !(=   D:15 :*=   Orc:2 ?([*:   Vaults:3 ?*   Zot:5 *   Depths:1 ==(

Portals:
Hell: Lair:6 Depths:1 Depths:2 Depths:3 Depths:4 Depths:5
Abyss: Depths:2 Depths:3 Depths:4
Pandemonium: Depths:1 Depths:2 Depths:3 Depths:5

Annotations:
D:7 Prince Ribbit
Lair:1 1 runed door, exclusion: oklob plant, bear's ghost, journeyman GrFi
Lair:5 3 runed doors, Paps's ghost, journeyman MiFi
Orc:1 3 runed doors, Dimuargh's ghost, journeyman DEFE; Gofaigep's ghost, journeyman GnWz; Peqecigann's ghost, journeyman MiBe; Supi Nufrea's ghost, journeyman NaTm


Innate Abilities, Weirdness & Mutations

You have a pair of large horns on your head.
You are completely covered in large bone plates. (SH +8)
Your flesh is cold resistant. (rC+)
You frequently emit foul miasma when damaged in melee.
A frigid envelope surrounds you and freezes all who hurt you.
You regenerate a lot of health from kills.
You are immune to rotting.
You are immune to freezing clouds.
You have sharp fingernails.
Your skin changes colour to match your surroundings (Stealth+).
You are clumsy. (Dex -2)
You are dopey. (Int -2)
You frequently scream uncontrollably at your foes.
Your muscles are strong. (Str +2)


Message History

You slash the curse toe! You freeze the curse toe. You headbutt the curse toe!
You destroy the curse toe!
Trog accepts your kill.
The deathcap disappears in a puff of smoke!
You slash Dyman! You freeze Dyman. You block the sixfirhy's attack.
Dyman hits you but does no damage.
Dyman resists.
Dyman is very cold.
Dyman is lightly wounded.
The sixfirhy misses you. Dyman misses you. You block the red devil's attack.
Your skin crawls.
You feel resistant to hostile enchantments.
You feel somewhat more hungry. Trog will no longer gift you weapons.
You block the sixfirhy's attack. x3
Dyman gestures at you.
Dyman conjures a mighty blast of ice!
The great icy blast engulfs the sixfirhy.
The sixfirhy is frozen into a solid block of ice!
The sixfirhy dies!
The great icy blast engulfs you!
You die...

#...##.......## ###
..............## ###..
...............## #....
......./........## #....
##...####.......§############...#
................§.)).......<.....
...............4.4.[(............
..........⌠.....8&...............
.############...@...............#
## ##.^.................# #
#......###.....##...## #
##......# #...####...# #
####......## ##### #.⌠.#
########........## #####
##....##.......##
..............## ..............#


You could see Dyman, a rust devil and a red devil.

Vanquished Creatures
  4 orbs of fire
  6 ancient liches
  5 juggernauts
  A caustic shrike (Depths:3)
  2 curse toes
  2 Killer Klowns (Zot:5)
  Geryon (Hell)
  4 golden dragons
  A profane servitor (Abyss:3)
  A bone dragon (Abyss:2)
  A Brimstone Fiend (Geh:1)
  5 electric golems
  A hellephant (Abyss:5)
  4 liches
  10 tentacled monstrosities
  25 Orb Guardians (Zot:5)
  2 titans (Depths:3)
  2 deep elf blademasters (Elf:3)
  3 quicksilver dragons
  2 deep elf master archers (Elf:3)
  3 sphinxes
  7 death cobs
  6 tentacled starspawn
  10 draconian monks
  4 acid blobs (Zot:4)
  An ancient champion (Crypt:1)
  7 storm dragons
  Roxanne (Spider:2)
  13 shadow dragons
  5 tengu reavers
  10 fire giants
  5 draconian knights
  A revenant (Zig:8)
  8 frost giants
  12 vault wardens
  2 imperial myrmidons (Desolation)
  8 draconian scorchers
  7 ghost moths
  11 deep elf sorcerers
  2 iron dragons
  3 balrugs
  4 emperor scorpions (Spider:4)
  6 deep elf elementalists
  Aizul (Crypt:1)
  7 draconian shifters
  Louise (Spider:2)
  5 draconian annihilators
  7 draconian stormcallers
  4 curse skulls
  22 stone giants
  13 ironheart preservers
  2 spriggan defenders (Depths:3)
  5 ghouls (Crypt:1)
  A war gargoyle (Hell)
  7 entropy weavers
  5 vampire knights
  A bennu (Zig:9)
  5 reapers
  20 very ugly things
  11 green draconians
  23 purple draconians
  5 deep elf annihilators
  9 black draconians
  3 halazid warlocks (Desolation)
  8 deep elf demonologists
  2 lorocyprocas
  12 white draconians
  A dire elephant (Zig:2)
  23 yellow draconians
  7 spark wasps
  9 statues (WizLab)
  7 deep elf death magi
  4 merfolk javelineers
  A green death (Zig:5)
  A blizzard demon (Abyss:2)
  14 red draconians
  Snorg (Orc:1)
  8 eidola
  9 jiangshi
  A quicksilver dragon zombie (Hell)
  14 merfolk impalers
  12 ettins
  14 yaktaur captains
  8 ogre magi
  4 great orbs of eyes
  10 fire dragons
  7 ragged hierophants (Desolation)
  9 servants of whispers (Desolation)
  9 vault guards
  2 naga warriors (Zig:6)
  Fannar (D:11)
  9 ice dragons
  2 deep elf high priests (Elf:3)
  4 rakshasas
  6 spriggan air magi
  Harold (Lair:1)
  A quicksilver dragon skeleton (Crypt:2)
  4 peacekeepers (Desolation)
  2 catoblepae
  13 centaur warriors
  30 two-headed ogres
  7 hydras
  6 merfolk avatars
  21 dancing weapons
  An anaconda (shapeshifter) (Abyss:5)
  3 satyrs
  5 death knights
  A two-headed ogre (shapeshifter) (Depths:2)
  3 death yaks (Lair:6)
  5 tengu warriors
  13 deep troll shamans
  2 merfolk aquamancers
  An orc high priest (Orc:2)
  5 vampire magi
  11 deep troll earth magi
  Urug (D:11)
  8 thrashing horrors
  A hell hog (Abyss:3)
  3 spriggan berserkers
  2 naga sharpshooters (Zig:6)
  A shock serpent (Zig:6)
  5 soul eaters
  Nergalle (D:11)
  A fire crab (shapeshifter) (Vaults:1)
  An iron golem (Hell)
  9 sun demons (Hell)
  A salamander mystic (Depths:5)
  22 deep elf knights
  A titan skeleton (Zig:7)
  11 wretched stars
  A storm dragon zombie (Crypt:2)
  15 small abominations
  A spatial maelstrom (Abyss:3)
  A fire crab (Abyss:2)
  7 hell knights
  5 iron trolls
  3 sixfirhies
  A ghost moth zombie (Abyss:2)
  A sea snake (shapeshifter) (Vaults:1)
  An anaconda zombie (Hell)
  2 glowing orange brains
  13 sea snakes
  4 shadow wraiths
  A storm dragon skeleton (Crypt:1)
  2 unseen horrors (shapeshifter)
  A glowing orange brain (shapeshifter) (Abyss:5)
  27 skeletal warriors
  43 deep trolls
  An iron giant zombie (Crypt:1)
  A swamp dragon (Zig:5)
  2 swamp dragons (shapeshifter)
  16 deep elf archers
  A naga ritualist (Zig:6)
  11 unseen horrors
  35 starcursed masses
  2 anaconda skeletons
  5 flayed ghosts
  A shambling mangrove (Zig:5)
  2 wizards
  12 ironbrand convokers
  A sphinx zombie (Vaults:3)
  A wolf spider zombie (Crypt:2)
  A mana viper (Abyss:2)
  11 orc knights
  34 harpies
  2 orange crystal statues
  An orb spider (shapeshifter) (Vaults:4)
  A frost giant zombie (Crypt:1)
  7 phantasmal warriors
  2 stone giant zombies
  2 fire giant zombies (Hell)
  16 orb spiders
  29 ugly things
  6 oklob plants (Zot:4)
  2 fauns (Shoals:3)
  9 necromancers
  A shadow dragon skeleton (Crypt:1)
  12 manticores
  8 orc sorcerers
  A shining eye (shapeshifter) (Elf:3)
  84 deep elf magi
  A salamander (shapeshifter) (Vaults:4)
  25 wolf spiders
  2 stone giant skeletons
  5 salamanders (Depths:5)
  18 moths of wrath
  A black mamba (shapeshifter) (Elf:2)
  4 rust devils (Hell)
  10 cyclopes
  4 guardian serpents (Desolation)
  5 worldbinders
  2 iron dragon skeletons
  8 vault sentinels
  8 smoke demons
  3 orange demons
  An eye of devastation (shapeshifter) (Depths:4)
  3 molten gargoyles
  4 water nymphs
  8 black mambas
  2 apocalypse crabs (Abyss:3)
  A frost giant skeleton (Geh:1)
  11 merfolk sirens
  2 naga magi
  A fire giant skeleton (Crypt:1)
  9 spiny frogs
  An ice statue (Hell)
  2 gargoyles
  2 storm dragon simulacra
  A shock serpent skeleton (Geh:1)
  12 komodo dragons
  48 yaktaurs
  An emperor scorpion zombie (Crypt:1)
  4 rime drakes
  2 tormentors (Abyss:5)
  15 demonic crawlers
  A black draconian skeleton (Crypt:1)
  5 hellions
  4 efreet
  A yaktaur (shapeshifter) (D:15)
  10 freezing wraiths
  7 red devils
  A guardian mummy (Zig:9)
  2 ice devils
  3 meliai (D:15)
  A green draconian skeleton (Crypt:2)
  29 jumping spiders
  5 hydra zombies
  3 ancient zymes
  4 trolls
  3 meliai (shapeshifter)
  6 wind drakes
  A jumping spider (shapeshifter) (Elf:3)
  A queen bee (Depths:3)
  34 merfolk
  2 polar bears
  A hornet (shapeshifter) (Depths:3)
  2 hydra skeletons
  11 snapping turtles
  6 hornets
  19 blink frogs
  2 shadow dragon simulacra (Crypt:2)
  29 slime creatures
  16 dream sheep
  52 saltlings (Desolation)
  15 hippogriffs
  14 raiju
  A bog body (Crypt:1)
  An ettin zombie (Vaults:4)
  2 air elementals (Elf:1)
  A black mamba zombie (Geh:1)
  14 large abominations
  A vampire (D:12)
  A centaur simulacrum (D:14)
  15 water elementals
  An ice dragon skeleton (Geh:1)
  A spriggan (Depths:2)
  2 ettin skeletons
  An alligator skeleton (Hell)
  6 shadows
  18 flying skulls
  57 redbacks
  19 tarantellas
  A ynoxinul (Abyss:3)
  6 wyverns
  A wind drake zombie (Crypt:2)
  2 tarantellas (shapeshifter)
  12 wraiths
  42 yaks
  A steam dragon (D:13)
  6 basilisks
  2 hungry ghosts
  27 fire elementals
  4 chaos spawn
  3 vampire mosquitoes (D:14)
  3 wargs
  4 neqoxecs
  A two-headed ogre zombie (Orc:1)
  2 spatial vortices (Abyss:3)
  4 acid dragons
  A hydra simulacrum (Crypt:1)
  2 nagas (Zig:6)
  2 spiny frog zombies (Hell)
  A floating eye (shapeshifter) (D:15)
  16 hell hounds
  3 porcupines
  12 water moccasins
  3 floating eyes
  32 orc warriors
  A spiny frog skeleton (Hell)
  A snapping turtle zombie (Abyss:3)
  2 sky beasts
  An alligator simulacrum (Hell)
  9 ice beasts
  An elf zombie (Vaults:3)
  An eye of draining (Abyss:5)
  2 black bears
  A swamp dragon zombie (Crypt:1)
  10 necrophages
  2 phantoms
  14 boggarts
  10 wolves
  35 ogres
  19 centaurs
  5 crocodiles
  An elf skeleton (Vaults:4)
  A manticore skeleton (Geh:1)
  A big kobold (shapeshifter) (Vaults:1)
  11 big kobolds
  15 bullfrogs
  3 earth elementals
  6 scorpions
  44 killer bees
  21 wights
  A yak skeleton (Crypt:1)
  An electric eel (Lair:6)
  9 howler monkeys
  9 crimson imps
  2 quasits (Abyss:3)
  A yaktaur simulacrum (Vaults:1)
  3 centaur zombies
  2 bullfrog zombies
  3 human simulacra
  6 iron imps
  28 jellies
  34 orc priests
  Crazy Yiuf (D:5)
  4 centaur skeletons
  6 hounds
  3 human zombies
  37 orc wizards
  A soldier ant zombie (Crypt:2)
  Jessica (D:2)
  3 human skeletons (Crypt:1)
  2 iguanas
  9 hell rats
  12 worker ants
  A tengu zombie (Crypt:1)
  3 hound skeletons
  7 mummies
  2 worker ant zombies (D:10)
  18 gnolls
  13 adders
  6 river rats
  2 shadow imps
  2 white imps
  3 ufetubi
  An adder skeleton (D:4)
  4 worms (Sewer)
  2 dart slugs
  5 leopard geckos
  107 orcs
  6 giant cockroaches
  6 goblins
  7 hobgoblins
  13 jackals
  4 quokkas
  4 ball pythons
  A ball python zombie (D:5)
  5 bats
  7 frilled lizards
  2 gnoll skeletons (Ossuary)
  5 gnoll zombies (Ossuary)
  2 goblin skeletons (Ossuary)
  2 goblin zombies
  4 hobgoblin skeletons (Ossuary)
  3 hobgoblin zombies (Ossuary)
  27 kobolds
  2 kobold skeletons (Ossuary)
  6 kobold zombies
  2 orc skeletons (Ossuary)
  4 orc zombies (Ossuary)
  A quokka skeleton (D:4)
  11 rats
  3 rat skeletons (Ossuary)
  A rat zombie (Ossuary)
  3 crawling corpses (Elf:3)
  A fire vortex (Volcano)
  4 fungi
  7 pillars of salt (Vaults:2)
  6 starspawn tentacles
2816 creatures vanquished.

Vanquished Creatures (collateral kills)
  Sojobo (Vaults:3)
  A golden dragon (Zot:5)
  A Brimstone Fiend (Zig:7)
  Asterion (Spider:2)
  A deep elf blademaster (Elf:2)
  2 tengu reavers (Vaults:3)
  A draconian monk (Zot:4)
  An orc warlord (Orc:2)
  A juggernaut zombie (Zig:7)
  A draconian annihilator (Zot:4)
  2 ironheart preservers
  2 reapers (Hell)
  A bennu (Zig:9)
  4 deep elf annihilators
  A white draconian (Zot:4)
  A halazid warlock (Desolation)
  A yellow draconian (Zot:4)
  A red draconian (Zot:4)
  A crystal guardian (Abyss:5)
  2 merfolk impalers
  2 yaktaur captains
  A hydra (Lair:3)
  3 peacekeepers (Desolation)
  A merfolk avatar (Shoals:3)
  An alligator (Zig:5)
  2 death knights (Vaults:1)
  A merfolk aquamancer (Shoals:4)
  A centaur warrior (Vaults:2)
  3 dancing weapons (Elf:2)
  A two-headed ogre (Orc:1)
  2 orc high priests (Orc:2)
  2 thrashing horrors (Abyss:5)
  3 deep elf knights
  A golden dragon zombie (Zig:7)
  A sea snake (Shoals:4)
  A starcursed mass (Abyss:3)
  A deep troll (Vaults:3)
  3 deep elf archers
  An ironbrand convoker (Desolation)
  A phantasmal warrior (Vaults:3)
  4 harpies (Shoals:3)
  4 orc knights
  2 cyclopes
  2 ugly things (D:15)
  4 deep elf magi
  2 orb spiders (Spider:2)
  3 large abominations
  A worldbinder (Abyss:3)
  A faun (Shoals:2)
  A moth of wrath (Zot:4)
  2 manticores
  A stone giant skeleton (Zig:7)
  A smoke demon (Lair:6)
  3 orange demons
  3 hellions
  A demonic crawler (Spider:2)
  A yaktaur (Depths:3)
  An ice devil (Lair:6)
  A guardian mummy (Crypt:1)
  2 jumping spiders (Spider:2)
  3 red devils
  2 merfolk
  4 dream sheep
  A hornet (Zig:5)
  4 saltlings (Desolation)
  2 bog bodies (Zig:5)
  A snapping turtle (Shoals:4)
  2 flying skulls (Zig:9)
  A shadow (Zig:5)
  3 yaks
  2 basilisks
  A hungry ghost (D:4)
  Menkaure (D:4)
  A soldier ant (shapeshifter) (Vaults:2)
  3 hell hounds
  A porcupine (D:8)
  An ogre (Orc:1)
  4 orc warriors
  A hog skeleton (Crypt:1)
  2 crocodiles (D:8)
  2 scorpions (D:8)
  A yak skeleton (Crypt:1)
  A bullfrog zombie (D:4)
  2 orc wizards (Orc:2)
  A human zombie (Crypt:1)
  An orc priest (Orc:2)
  A bullfrog skeleton (D:4)
  2 mummies
  6 orcs
  2 lurking horrors (Abyss:5)
158 creatures vanquished.

Vanquished Creatures (others)
  A fire giant (Depths:3)
  A draconian knight (Zot:4)
  A sixfirhy (Zot:5)
  A deep elf mage (Elf:1)
  An orc sorcerer (Depths:3)
  A cyclops (Shoals:2)
  A moth of wrath (Zot:5)
  A guardian serpent (shapeshifter) (Abyss:5)
  A merfolk (Shoals:2)
  2 polar bears (IceCv)
  A saltling (Desolation)
  A hog (shapeshifter) (Depths:1)
  2 ogres (Depths:1)
  2 wights (Geh:1)
  A mummy (Ossuary)
  2 goblin zombies (Ossuary)
  A hobgoblin skeleton (Ossuary)
  2 hobgoblin zombies (Ossuary)
  2 kobold skeletons (Ossuary)
  3 orc skeletons (Ossuary)
  An orc zombie (Ossuary)
  4 rat skeletons (Ossuary)
  A rat zombie (Ossuary)
  A bush (D:8)
  A crawling corpse (Elf:3)
  4 fungi
  5 plants
  11 starspawn tentacles
  4 tentacles (Abyss:2)
  A withered plant (Orc:1)
61 creatures vanquished.

Grand Total: 3035 creatures vanquished

Notes
Turn   | Place    | Note
-------+----------+-------------------------------------------
     0 | D:1      | Garbasso the Demonspawn Berserker began the quest for the
                  | Orb.
     0 | D:1      | Reached XP level 1. HP: 18/18 MP: 1/1
   314 | D:1      | Gained mutation: You have a pair of small horns on your
                  | head. [demonic ancestry]
   314 | D:1      | Reached XP level 2. HP: 13/24 MP: 2/2
  1221 | D:2      | Gained mutation: You are partially covered in large bone
                  | plates. (SH +4) [demonic ancestry]
  1221 | D:2      | Reached XP level 3. HP: 29/29 MP: 3/3
  1334 | D:2      | Found a snail-covered altar of Cheibriados.
  1503 | D:2      | Reached ** piety under Trog
  1509 | D:2      | Found a blossoming altar of Fedhas.
  1802 | D:2      | Found a sparkling altar of Nemelex Xobeh.
  1802 | D:2      | Noticed Jessica
  1864 | D:2      | Killed Jessica
  1864 | D:2      | Gained mutation: You are immune to rotting. [demonic
                  | ancestry]
  1864 | D:2      | Reached XP level 4. HP: 37/37 MP: 4/4
  2328 | D:3      | Reached skill level 4 in Fighting
  2337 | D:3      | Gained mutation: You regenerate a little health from kills.
                  | [demonic ancestry]
  2337 | D:3      | Reached XP level 5. HP: 42/42 MP: 5/5
  2371 | D:3      | Found a glowing drain.
  2380 | Sewer    | Entered a sewer
  2423 | Sewer    | Reached skill level 5 in Axes
  2575 | Sewer    | Gained mutation: You regenerate health from kills. [demonic
                  | ancestry]
  2575 | Sewer    | Reached XP level 6. HP: 42/49 MP: 6/6
  2783 | Sewer    | Reached skill level 5 in Fighting
  2873 | Sewer    | Gained mutation: You may emit foul miasma when damaged in
                  | melee. [demonic ancestry]
  2873 | Sewer    | Reached XP level 7. HP: 50/56 MP: 7/7
  3069 | Sewer    | Reached *** piety under Trog
  3646 | D:4      | Reached skill level 1 in Shields
  3801 | D:4      | Noticed a hungry ghost
  3812 | D:4      | Found a transporter.
  3830 | D:4      | Found a basalt altar of Yredelemnul.
  3834 | D:4      | Noticed Menkaure
  3836 | D:4      | Found a sparkling altar of Nemelex Xobeh.
  3840 | D:4      | Found an ancient bone altar of Kikubaaqudgha.
  3850 | D:4      | Reached skill level 6 in Fighting
  4076 | D:4      | Found a transporter.
  4189 | D:4      | Gained mutation: You have a pair of horns on your head.
                  | [demonic ancestry]
  4189 | D:4      | Reached XP level 8. HP: 64/64 MP: 8/8
  4212 | D:4      | Found a shimmering altar of Xom.
  4744 | D:5      | Entered Level 5 of the Dungeon
  4992 | D:5      | Found a runed door.
  4996 | D:5      | Noticed Crazy Yiuf
  5001 | D:5      | Killed Crazy Yiuf
  5049 | D:5      | Found a glowing silver altar of Zin.
  5155 | D:5      | Found a glowing golden altar of the Shining One.
  5466 | D:6      | Found Ycvol's Jewellery Shoppe.
  5735 | D:6      | Found Fapsac's Distillery.
  5740 | D:6      | Bought a potion of heal wounds for 70 gold pieces
  5740 | D:6      | Bought a potion of curing for 42 gold pieces
  5746 | D:6      | Found Zilif's Weapon Shoppe.
  6207 | D:6      | Reached **** piety under Trog
  6432 | D:6      | Reached skill level 7 in Fighting
  6432 | D:6      | Reached XP level 9. HP: 60/72 MP: 9/9
  6488 | D:6      | Found a white marble altar of Elyvilon.
  6512 | D:6      | Found a deep blue altar of Sif Muna.
  6512 | D:6      | Found a glowing golden altar of the Shining One.
  6513 | D:6      | Found an opulent altar of Gozag.
  6867 | D:7      | Found a sand-covered staircase.
  6876 | Ossuary  | Entered an ossuary
  7020 | Ossuary  | Reached ***** piety under Trog
  7089 | Ossuary  | Received a gift from Trog
  7215 | Ossuary  | Identified a scroll of acquirement
  7325 | D:7      | Found a staircase to the Ecumenical Temple.
  7649 | D:7      | Received a gift from Trog
  7658 | D:7      | Found a shattered altar of Ashenzari.
  7826 | D:7      | Noticed Prince Ribbit
  8230 | D:8      | Found a radiant altar of Vehumet.
  8395 | D:8      | Reached skill level 8 in Fighting
  8395 | D:8      | Reached skill level 10 in Axes
  8410 | D:8      | Reached skill level 5 in Shields
  8464 | D:8      | Reached XP level 10. HP: 74/80 MP: 10/10
  8590 | D:8      | Found a staircase to the Lair.
  9212 | D:9      | Got a faintly glowing hunting sling
  9213 | D:9      | Identified the +8 hunting sling "Qauruly" {speed, rN+
                  | Str+2} (You found it on level 9 of the Dungeon)
  9468 | D:10     | Entered Level 10 of the Dungeon
  9611 | D:9      | Noticed a centaur warrior
  9617 | D:9      | Killed a centaur warrior
  9724 | D:9      | Reached skill level 9 in Fighting
 10210 | D:10     | Noticed a gargoyle
 10221 | D:10     | Killed a gargoyle
 10407 | D:10     | Reached XP level 11. HP: 77/89 MP: 11/11
 11190 | D:4      | Killed Menkaure
 11207 | D:4      | Identified Ejuib's Papyrus of Cankerous Orientation
 11216 | D:4      | Got a slimy ivory ring
 11217 | D:4      | Identified the cursed ring "Honk" {rF+ rC- Str+4 Int+2
                  | Dex-3} (You found it on level 4 of the Dungeon)
 11367 | Lair:1   | Entered Level 1 of the Lair of Beasts
 11367 | Lair:1   | Found a frozen archway.
 11379 | IceCv    | Entered an ice cave
 11566 | IceCv    | HP: 3/89 [something (27)]
 11587 | IceCv    | Gained mutation: You have large cloven feet. [potion of
                  | mutation]
 11587 | IceCv    | Gained mutation: You are somewhat resistant to further
                  | mutation. [potion of mutation]
 11588 | IceCv    | Lost mutation: You have large cloven feet. [potion of
                  | mutation]
 11588 | IceCv    | Lost mutation: You are somewhat resistant to further
                  | mutation. [potion of mutation]
 11588 | IceCv    | Gained mutation: You passively map a small area around you.
                  | [potion of mutation]
 11588 | IceCv    | Gained mutation: Your skin changes colour to match your
                  | surroundings (Stealth+). [potion of mutation]
 11966 | Lair:1   | Reached skill level 5 in Armour
 12435 | Lair:1   | Noticed an oklob plant
 12572 | Lair:1   | Noticed Harold
 12584 | Lair:1   | Killed Harold
 12584 | Lair:1   | Reached skill level 10 in Fighting
 12805 | Lair:1   | Found a runed door.
 12808 | Lair:1   | Noticed bear's ghost (journeyman GrFi)
 13110 | Lair:2   | Reached skill level 1 in Slings
 13354 | Lair:2   | Reached XP level 12. HP: 97/97 MP: 12/12
 13421 | Lair:2   | Got a jewelled scale mail
 13432 | Lair:2   | Identified the +0 scale mail of Failure {+Fly Stlth+} (You
                  | found it on level 2 of the Lair of Beasts)
 14042 | Lair:3   | Noticed a seven-headed hydra
 14046 | Lair:3   | Killed a seven-headed hydra
 14258 | Lair:3   | Noticed a six-headed hydra
 14534 | Lair:3   | Killed a six-headed hydra
 15068 | Lair:4   | Found a hole to the Spider Nest.
 15078 | Lair:4   | Received a gift from Trog
 15078 | Lair:4   | Reached skill level 5 in Slings
 15276 | Lair:4   | Found a staircase to the Shoals.
 15588 | Lair:4   | Noticed a catoblepas
 15605 | Lair:4   | Killed a catoblepas
 15661 | Lair:4   | Reached skill level 11 in Fighting
 15923 | Lair:5   | Noticed a four-headed hydra
 15934 | Lair:5   | Killed a four-headed hydra
 16018 | Lair:5   | Found a runed gate.
 16020 | Lair:5   | Found a runed gate.
 16021 | Lair:5   | Found a runed gate.
 16021 | Lair:5   | Noticed a death yak
 16021 | Lair:5   | Noticed Paps's ghost (journeyman MiFi)
 16022 | Lair:5   | Noticed a minotaur
 16264 | Lair:5   | Found a viscous altar of Jiyva.
 16266 | Lair:5   | Found a staircase to the Slime Pits.
 16693 | Lair:6   | Entered Level 6 of the Lair of Beasts
 16787 | Lair:6   | Noticed an eight-headed hydra
 16801 | Lair:6   | Killed an eight-headed hydra
 16801 | Lair:6   | Reached XP level 13. HP: 78/106 MP: 13/13
 16882 | Lair:6   | Received a gift from Trog
 17061 | Lair:6   | Found a dark tunnel.
 17066 | Volcano  | Entered a volcano
 18055 | Lair:6   | Received a gift from Trog
 18063 | Lair:6   | Found a burning altar of Makhleb.
 18072 | Lair:6   | HP: 3/107 [sixfirhy (12)]
 18103 | Lair:6   | Reached skill level 12 in Fighting
 18247 | Lair:6   | Found a gateway to Hell.
 18722 | D:11     | Noticed Fannar
 18764 | D:11     | Noticed Nergalle
 18801 | D:11     | Received a gift from Trog
 18809 | D:11     | Killed Fannar
 18885 | D:11     | Found a hazy altar of Hepliaklqana.
 18915 | D:11     | Killed Nergalle
 18917 | D:11     | Noticed Urug
 18950 | D:11     | Killed Urug
 19361 | D:12     | Found a staircase to the Orcish Mines.
 19421 | D:12     | Received a gift from Trog
 19587 | D:12     | Lost mutation: You passively map a small area around you.
                  | [potion of mutation]
 19587 | D:12     | Gained mutation: You have sharp toenails. [potion of
                  | mutation]
 19587 | D:12     | Gained mutation: You have a pair of large horns on your
                  | head. [potion of mutation]
 19588 | D:12     | Lost mutation: You have sharp toenails. [potion of
                  | mutation]
 19588 | D:12     | Lost mutation: You have a pair of large horns on your head.
                  | [potion of mutation]
 19588 | D:12     | Gained mutation: Your spells are a little easier to cast,
                  | but a little less powerful. [potion of mutation]
 19588 | D:12     | Gained mutation: You are frail. (-10% HP) [potion of
                  | mutation]
 19588 | D:12     | Lost mutation: You are frail. (-10% HP) [potion of
                  | mutation]
 19588 | D:12     | Lost mutation: Your spells are a little easier to cast, but
                  | a little less powerful. [potion of mutation]
 19589 | D:12     | Lost mutation: Your skin changes colour to match your
                  | surroundings (Stealth+). [potion of mutation]
 19589 | D:12     | Gained mutation: You are agile. (Dex +2) [potion of
                  | mutation]
 19589 | D:12     | Gained mutation: You have large cloven feet. [potion of
                  | mutation]
 19589 | D:12     | Gained mutation: Scrolls take you a little longer to read.
                  | [potion of mutation]
 19589 | D:12     | Lost mutation: Scrolls take you a little longer to read.
                  | [potion of mutation]
 19590 | D:12     | Lost mutation: You are agile. (Dex +2) [potion of mutation]
 19590 | D:12     | Lost mutation: You have large cloven feet. [potion of
                  | mutation]
 19590 | D:12     | Gained mutation: You occasionally shout uncontrollably at
                  | your foes. [potion of mutation]
 19590 | D:12     | Gained mutation: You are agile. (Dex +2) [potion of
                  | mutation]
 19591 | D:12     | Lost mutation: You are agile. (Dex +2) [potion of mutation]
 19591 | D:12     | Lost mutation: You occasionally shout uncontrollably at
                  | your foes. [potion of mutation]
 19591 | D:12     | Gained mutation: Your flesh is cold resistant. (rC+)
                  | [potion of mutation]
 19591 | D:12     | Gained mutation: You are clumsy. (Dex -2) [potion of
                  | mutation]
 19591 | D:12     | Gained mutation: Your muscles are strong. (Str +2) [potion
                  | of mutation]
 19591 | D:12     | Lost mutation: You are clumsy. (Dex -2) [potion of
                  | mutation]
 19717 | D:12     | Gained mutation: You regenerate a lot of health from kills.
                  | [demonic ancestry]
 19717 | D:12     | Reached XP level 14. HP: 115/115 MP: 14/14
 20692 | D:13     | Reached skill level 10 in Slings
 20799 | D:13     | Found a radiant altar of Vehumet.
 20999 | D:13     | Received a gift from Trog
 21729 | D:14     | Found a gate to the Vaults.
 22003 | D:15     | Entered Level 15 of the Dungeon
 22038 | D:15     | Found Xioqiu Furi's Book Emporium.
 22442 | D:15     | Received a gift from Trog
 22487 | D:15     | Reached skill level 13 in Fighting
 22947 | D:15     | Found Lufrint's Assorted Antiques.
 22957 | D:15     | Bought a thin amethyst amulet for 145 gold pieces
 22957 | D:15     | Bought a scroll labeled YDOGOA SUNI for 29 gold pieces
 22957 | D:15     | Bought a scroll of identify for 58 gold pieces
 22983 | D:15     | Found Enogeghiph's Jewellery Shoppe.
 22990 | D:15     | Bought the ring "Damnable Contraption" {SInv Stlth+} for
                  | 315 gold pieces
 23051 | D:15     | Reached skill level 15 in Axes
 23077 | D:15     | Gained mutation: You have a pair of large horns on your
                  | head. [demonic ancestry]
 23077 | D:15     | Reached XP level 15. HP: 123/123 MP: 15/15
 23456 | D:15     | Found a staircase to the Depths.
 23646 | Orc:1    | Entered Level 1 of the Orcish Mines
 23652 | Orc:1    | Noticed Snorg
 23665 | Orc:1    | Killed Snorg
 23809 | Orc:1    | Found a runed gate.
 23809 | Orc:1    | Found a runed gate.
 23809 | Orc:1    | Found a runed gate.
 23825 | Orc:1    | Received a gift from Trog
 23847 | Orc:1    | Noticed Dimuargh's ghost (journeyman DEFE)
 23848 | Orc:1    | Noticed Supi Nufrea's ghost (journeyman NaTm)
 23849 | Orc:1    | Noticed Peqecigann's ghost (journeyman MiBe)
 23859 | Orc:1    | Noticed Gofaigep's ghost (journeyman GnWz)
 24026 | Orc:1    | Reached skill level 10 in Shields
 24300 | Orc:2    | Entered Level 2 of the Orcish Mines
 24306 | Orc:2    | Found a staircase to the Elven Halls.
 24524 | Orc:2    | Received a gift from Trog
 24719 | Orc:2    | Received a gift from Trog
 24727 | Orc:2    | Noticed an orc warlord
 24838 | Orc:2    | Found Voiz's Magic Scroll Emporium.
 24846 | Orc:2    | Bought a scroll of magic mapping for 56 gold pieces
 24846 | Orc:2    | Bought a scroll of enchant armour for 120 gold pieces
 24846 | Orc:2    | Bought a scroll of teleportation for 48 gold pieces
 24999 | Orc:2    | Received a gift from Trog
 25000 | Orc:2    | Gained mutation: Your body sometimes deteriorates upon
                  | taking damage. [a neqoxec]
 25164 | Orc:2    | Killed an orc warlord
 25170 | Orc:2    | Received a gift from Trog
 25341 | Orc:2    | Found Paemeaba's General Store.
 25342 | Orc:2    | Found Oshruok's Book Shoppe.
 25343 | Orc:2    | Found Ywo Esag's Antique Armour Emporium.
 25343 | Orc:2    | Found Jiuren's Antique Weapon Emporium.
 25347 | Orc:2    | Bought the +3 pair of gauntlets of War {Slay+5} for 1710
                  | gold pieces
 25347 | Orc:2    | Found the +3 pair of gauntlets of War {Slay+5}
 25895 | Elf:1    | Entered Level 1 of the Elven Halls
 25967 | Elf:1    | Noticed a deep elf sorcerer
 25981 | Elf:1    | Killed a deep elf sorcerer
 25992 | Elf:1    | Received a gift from Trog
 25993 | Elf:1    | Noticed a deep elf sorcerer
 26004 | Elf:1    | Killed a deep elf sorcerer
 26336 | Elf:1    | Gained mutation: You are mostly covered in large bone
                  | plates. (SH +6) [demonic ancestry]
 26336 | Elf:1    | Reached XP level 16. HP: 132/132 MP: 16/16
 26654 | Elf:1    | Received a gift from Trog
 27004 | Elf:2    | Noticed a Tzitzimitl
 27053 | Elf:2    | Received a gift from Trog
 27167 | Elf:2    | Reached skill level 14 in Fighting
 27673 | Elf:2    | Found a huge runed gate.
 27673 | Elf:2    | Found a huge runed gate.
 27674 | Elf:2    | Found a huge runed gate.
 27674 | Elf:2    | Found a huge runed gate.
 27674 | Elf:2    | Found a huge runed gate.
 27722 | Elf:2    | Noticed a deep elf blademaster
 27730 | Elf:2    | Killed a deep elf blademaster
 28253 | Elf:3    | Entered Level 3 of the Elven Halls
 28377 | Elf:3    | Found a magical portal.
 28387 | Elf:3    | Received a gift from Trog
 28424 | WizLab   | Entered Iskenderun's Mystic Tower
 29371 | WizLab   | Reached XP level 17. HP: 134/140 MP: 17/17
 30363 | WizLab   | Identified Iskenderun's Papyrus of Combat Magic
 30363 | WizLab   | Identified Iskenderun's Almanac of Conjuration
 30434 | WizLab   | Identified the Handbook of Cold and Evil Rituals
 30862 | Elf:3    | Received a gift from Trog
 31040 | Elf:3    | Gained mutation: Your magical capacity is low. (-10% MP) [a
                  | shining eye]
 31452 | Elf:3    | Noticed a deep elf blademaster
 31472 | Elf:3    | Noticed a Tzitzimitl
 31472 | Elf:3    | Killed a deep elf blademaster
 31794 | Spider:1 | Entered Level 1 of the Spider Nest
 32797 | Spider:2 | Noticed Louise
 32812 | Spider:2 | Killed Louise
 32857 | Spider:2 | Received a gift from Trog
 33009 | Spider:2 | Noticed Asterion
 33018 | Spider:2 | Killed Asterion
 33018 | Spider:2 | Reached skill level 15 in Fighting
 33108 | Spider:2 | Noticed Roxanne
 33141 | Spider:2 | Killed Roxanne
 33143 | Spider:2 | Identified Roxanne's Tome of Stones (You took it off
                  | Roxanne on level 2 of the Spider Nest)
 34058 | Spider:3 | Received a gift from Trog
 34355 | Spider:3 | Reached XP level 18. HP: 149/149 MP: 16/16
 34433 | Spider:3 | Reached skill level 10 in Armour
 34433 | Spider:3 | Mutation became permanent: Your flesh is cold resistant.
                  | (rC+) [demonic ancestry]
 34433 | Spider:3 | Gained mutation: Your flesh is cold resistant. (rC+)
                  | [demonic ancestry]
 34433 | Spider:3 | Reached XP level 19. HP: 155/155 MP: 17/17
 34451 | Spider:3 | Lost mutation: Your body sometimes deteriorates upon taking
                  | damage. [potion of mutation]
 34451 | Spider:3 | Lost mutation: Your muscles are strong. (Str +2) [potion of
                  | mutation]
 34451 | Spider:3 | Lost mutation: Your magical capacity is low. (-10% MP)
                  | [potion of mutation]
 34451 | Spider:3 | Gained mutation: You have sharp fingernails. [potion of
                  | mutation]
 34451 | Spider:3 | Gained mutation: Your skin changes colour to match your
                  | surroundings (Stealth+). [potion of mutation]
 34488 | Spider:3 | Paralysed by a hornet for 2 turns
 35526 | Spider:4 | Entered Level 4 of the Spider Nest
 35997 | Spider:4 | Received a gift from Trog
 36100 | Spider:4 | Received a gift from Trog
 36384 | Spider:4 | Received a gift from Trog
 36421 | Spider:4 | Got a gossamer rune of Zot
 36607 | Shoals:1 | Entered Level 1 of the Shoals
 36652 | Shoals:1 | Received a gift from Trog
 36891 | Shoals:1 | Reached ****** piety under Trog
 37438 | Shoals:2 | Received a gift from Trog
 37566 | Shoals:2 | Found a flickering gateway to a bazaar.
 37575 | Bazaar   | Entered a bazaar
 37575 | Bazaar   | Found Ceskekeriva's Book Shop.
 37575 | Bazaar   | Found Douvyhe's Jewellery Emporium.
 37575 | Bazaar   | Found Jopoin's Weapon Shop.
 37575 | Bazaar   | Found Igesk's Food Shoppe.
 37577 | Bazaar   | Found Bisynledi's Assorted Antiques.
 37635 | Bazaar   | Bought an uncursed amulet of guardian spirit for 540 gold
                  | pieces
 38342 | Shoals:3 | Received a gift from Trog
 38570 | Shoals:3 | Reached skill level 16 in Fighting
 38701 | Shoals:3 | Received a gift from Trog
 39236 | Shoals:4 | Entered Level 4 of the Shoals
 39287 | Shoals:4 | Gained mutation: You are completely covered in large bone
                  | plates. (SH +8) [demonic ancestry]
 39287 | Shoals:4 | Reached XP level 20. HP: 71/164 MP: 10/20
 39594 | Shoals:4 | Received a gift from Trog
 39661 | Shoals:4 | Got a serpentine lead ring
 39744 | Shoals:4 | Received a gift from Trog
 40140 | Shoals:4 | Got a barnacled rune of Zot
 40221 | Shoals:4 | Received a gift from Trog
 41320 | Vaults:1 | Entered Level 1 of the Vaults
 41560 | Vaults:1 | Received a gift from Trog
 41733 | Vaults:1 | Identified the ring of Surprise {*Tele Stlth+} (You took it
                  | off a merfolk siren on level 4 of the Shoals)
 41913 | Vaults:1 | Received a gift from Trog
 42551 | Vaults:1 | Received a gift from Trog
 42554 | Vaults:1 | Got an iridescent hand axe {god gift}
 42555 | Vaults:1 | Identified the +8 hand axe of the Lamprey {elec, rPois rF+
                  | Str+2 Dex+4} (Trog gifted it to you on level 1 of the
                  | Vaults)
 42647 | Vaults:1 | Reached skill level 17 in Fighting
 42854 | Vaults:2 | Found a portal to a secret trove of treasure.
 42897 | Vaults:2 | You paid a toll of +2 ice dragon scales to enter a treasure
                  | trove
 42898 | Trove    | Entered a treasure trove
 42953 | Trove    | Identified the +11 glaive "Zodid" {chop, rF+ Int+4} (You
                  | found it in a treasure trove)
 43042 | Vaults:2 | Found a ruined gateway.
 43063 | Desolati | Entered the Desolation of Salt
 43173 | Desolati | Got a brightly glowing shield
 43174 | Desolati | Identified the +4 shield "Ecuimis" {Dex+2 SInv Stlth-} (You
                  | found it in the Desolation of Salt)
 43198 | Desolati | Received a gift from Trog
 43199 | Desolati | Identified the Reference Book on the Rocks
 43203 | Desolati | Got a brightly glowing bone ring
 43209 | Desolati | Identified the ring "Nefat" {MR+ Str+4 Int+4} (You found it
                  | in the Desolation of Salt)
 43232 | Desolati | Reached XP level 21. HP: 80/174 MP: 10/21
 43659 | Desolati | Received a gift from Trog
 43750 | Desolati | Got a shimmering platinum amulet
 43751 | Desolati | Identified the amulet "Ynni" {+Rage rPois} (You found it in
                  | the Desolation of Salt)
 43784 | Desolati | Got a sparkling tin amulet
 43785 | Desolati | Identified the amulet "Vikieria" {Regen+ SInv} (You found
                  | it in the Desolation of Salt)
 43820 | Desolati | Identified the +2 chain mail of the Sunfish {Str+7 Dex-4}
                  | (You found it in the Desolation of Salt)
 44218 | Desolati | Reached skill level 15 in Shields
 44368 | Vaults:2 | Received a gift from Trog
 44999 | Vaults:2 | Reached skill level 18 in Fighting
 45126 | Vaults:2 | Received a gift from Trog
 45857 | Vaults:3 | Received a gift from Trog
 45857 | Vaults:3 | Reached skill level 1 in Evocations
 45992 | Vaults:3 | Received a gift from Trog
 46102 | Vaults:3 | Found a staircase to the Crypt.
 46216 | Vaults:3 | Found Nuun's General Store.
 46224 | Vaults:3 | Bought a +1 pair of boots of running for 620 gold pieces
 46321 | Vaults:3 | Gained mutation: You frequently emit foul miasma when
                  | damaged in melee. [demonic ancestry]
 46321 | Vaults:3 | Reached XP level 22. HP: 185/185 MP: 24/24
 46471 | Vaults:3 | Reached skill level 15 in Armour
 46588 | Vaults:3 | Noticed Sojobo
 46608 | Vaults:3 | Killed Sojobo
 46998 | Vaults:3 | Reached skill level 5 in Evocations
 47068 | Vaults:3 | Received a gift from Trog
 47277 | Vaults:3 | Found Jaboupemm's Magic Scroll Shoppe.
 47312 | Vaults:3 | Bought a scroll of enchant armour for 120 gold pieces
 47366 | Crypt:1  | Entered Level 1 of the Crypt
 47397 | Crypt:1  | Received a gift from Trog
 47456 | Crypt:1  | Noticed Aizul
 47463 | Crypt:1  | Killed Aizul
 47989 | Crypt:1  | Reached skill level 19 in Fighting
 48967 | Crypt:2  | Received a gift from Trog
 49688 | Elf:3    | Received a gift from Trog
 49705 | Elf:3    | Got a clouded lead ring
 50345 | Elf:3    | Identified the ring of Bakhom {Ice MR- Dex+8} (You took it
                  | off a deep elf sorcerer on level 3 of the Elven Halls)
 50506 | Elf:3    | Found the +7 Singing Sword
 50985 | Vaults:4 | Reached XP level 23. HP: 195/195 MP: 29/29
 51971 | Vaults:4 | Received a gift from Trog
 52436 | Vaults:4 | Received a gift from Trog
 52736 | Depths:1 | Entered Level 1 of the Depths
 52774 | Depths:1 | Found a one-way gate leading to the halls of Pandemonium.
 52789 | Depths:1 | Got a pitted shield
 52800 | Depths:1 | Identified the +0 shield "Megoq" {-Tele +Fly Slay+5 Stlth+}
                  | (You acquired it on level 1 of the Depths)
 52840 | Depths:1 | Found Kioss's Antique Weapon Shop.
 52840 | Depths:1 | Found Lybo's Jewellery Boutique.
 52928 | Depths:1 | Bought a cursed ring of attention for 58 gold pieces
 52967 | Depths:1 | Found Homigh's Jewellery Emporium.
 53138 | Depths:1 | Reached skill level 20 in Fighting
 53174 | Depths:1 | Reached skill level 10 in Evocations
 53704 | Depths:2 | Received a gift from Trog
 53744 | Depths:2 | Reached skill level 5 in Dodging
 53848 | Depths:2 | Noticed a juggernaut
 53857 | Depths:2 | Killed a juggernaut
 54784 | Depths:2 | Found a one-way gate to the infinite horrors of the Abyss.
 54788 | Depths:2 | Voluntarily entered the Abyss.
 54850 | Abyss:2  | Found a corrupted altar of Lugonu.
 54889 | Abyss:2  | Received a gift from Trog
 55165 | Abyss:2  | Reached XP level 24. HP: 205/205 MP: 30/30
 55254 | Abyss:2  | Received a gift from Trog
 55539 | Abyss:2  | Found a corrupted altar of Lugonu.
 55756 | Abyss:3  | Found a corrupted altar of Lugonu.
 55862 | Abyss:3  | Found a corrupted altar of Lugonu.
 55867 | Abyss:3  | Found a corrupted altar of Lugonu.
 55875 | Abyss:3  | Received a gift from Trog
 55933 | Abyss:3  | Paralysed by you for 7 turns
 56006 | Abyss:3  | Received a gift from Trog
 56192 | Abyss:4  | Received a gift from Trog
 56207 | Abyss:5  | Entered Level 5 of the Abyss
 56260 | Abyss:5  | Got an abyssal rune of Zot
 56321 | Abyss:5  | Reached skill level 10 in Dodging
 56326 | Abyss:5  | Received a gift from Trog
 56454 | Abyss:5  | Paralysed by accursed screaming for 2 turns
 56463 | Depths:2 | Escaped the Abyss
 57128 | Depths:3 | Found a runed door.
 57397 | Depths:3 | Noticed a juggernaut
 57406 | Depths:3 | Killed a juggernaut
 57406 | Depths:3 | Reached skill level 21 in Fighting
 57431 | Depths:3 | Received a gift from Trog
 57464 | Depths:3 | Received a gift from Trog
 58413 | Depths:3 | Identified the Disquisition on Captivating Companions
 58427 | Depths:3 | Noticed a juggernaut
 58439 | Depths:3 | Killed a juggernaut
 58491 | Depths:3 | Gained mutation: You are immune to freezing clouds.
                  | [demonic ancestry]
 58491 | Depths:3 | Reached XP level 25. HP: 160/214 MP: 30/30
 58495 | Depths:3 | Identified A Thorough Guide to Wizardry
 58497 | Depths:3 | Identified the Almanac of Transmutation and Stolen Souls
 58632 | Depths:3 | Identified the ring of Optimism {Ice rPois SInv} (You found
                  | it on level 3 of the Depths)
 58665 | Hell     | Entered the Vestibule of Hell
 58665 | Hell     | Noticed Geryon
 58693 | Hell     | Killed Geryon
 58875 | Hell     | Received a gift from Trog
 58933 | Hell     | Found a gateway to the decaying netherworld of Tartarus.
 59196 | Hell     | Found a gateway to the ashen valley of Gehenna.
 59218 | Hell     | Received a gift from Trog
 59324 | Hell     | Found a gateway to the freezing wastes of Cocytus.
 59433 | Hell     | Found a gateway to the Iron City of Dis.
 59607 | Coc:1    | Entered Level 1 of Cocytus
 59708 | Geh:1    | Entered Level 1 of Gehenna
 59920 | Geh:1    | Received a gift from Trog
 60223 | Geh:1    | Received a gift from Trog
 60693 | Depths:3 | Found the +3 robe of Folly {Archmagi, MR-- Int+5}
 61315 | Depths:4 | Noticed a juggernaut
 61331 | Depths:4 | Killed a juggernaut
 61460 | Depths:4 | Paralysed by a floating eye for 4 turns
 62294 | Depths:5 | Entered Level 5 of the Depths
 62455 | Depths:5 | Reached skill level 22 in Fighting
 62465 | Depths:5 | Reached XP level 26. HP: 183/224 MP: 21/31
 62471 | Depths:5 | Received a gift from Trog
 62680 | Depths:5 | Reached skill level 15 in Dodging
 62690 | Depths:5 | Received a gift from Trog
 62700 | Depths:5 | Noticed a juggernaut
 62715 | Depths:5 | Killed a juggernaut
 62869 | Depths:5 | Found a gate to the Realm of Zot.
 63221 | Depths:5 | Found a gateway to a ziggurat.
 63230 | Zig:1    | Entered Level 1 of a ziggurat
 63256 | Zig:2    | Entered Level 2 of a ziggurat
 63317 | Zig:3    | Entered Level 3 of a ziggurat
 63318 | Zig:3    | Noticed an ancient lich
 63332 | Zig:3    | Killed an ancient lich
 63347 | Zig:3    | Identified the ring of Teonk {rCorr Stlth+} (You found it
                  | on level 3 of a ziggurat)
 63476 | Zig:4    | Entered Level 4 of a ziggurat
 63513 | Zig:4    | Identified the Papyrus of Scorching Cold
 63522 | Zig:5    | Entered Level 5 of a ziggurat
 63544 | Zig:5    | Received a gift from Trog
 63565 | Zig:6    | Entered Level 6 of a ziggurat
 63620 | Zig:6    | Gained mutation: A frigid envelope surrounds you and
                  | freezes all who hurt you. [demonic ancestry]
 63620 | Zig:6    | Reached XP level 27. HP: 231/231 MP: 32/32
 63629 | Zig:7    | Entered Level 7 of a ziggurat
 63746 | Zig:8    | Entered Level 8 of a ziggurat
 63808 | Zig:8    | Found the +9 scales of the Dragon King {rPois rF+ rC+ MR+}
 63821 | Zig:8    | Identified the +1 ring mail of Dishonour {*Drain +Inv Str+4
                  | Stlth+} (You found it on level 8 of a ziggurat)
 63863 | Zig:9    | Entered Level 9 of a ziggurat
 63878 | Zig:9    | Noticed a greater mummy
 64371 | Zot:1    | Entered Level 1 of the Realm of Zot
 64760 | Zot:1    | Received a gift from Trog
 64838 | Zot:1    | Identified the +3 chain mail of Day {rPois rC- rCorr} (You
                  | found it on level 1 of the Realm of Zot)
 65177 | Zot:1    | Received a gift from Trog
 66760 | Zot:3    | Reached skill level 23 in Fighting
 68418 | Zot:4    | Received a gift from Trog
 68432 | Zot:4    | Reached skill level 15 in Evocations
 69602 | D:15     | Bought an uncursed ring of resist corrosion for 220 gold
                  | pieces
 70001 | Zot:5    | Entered Level 5 of the Realm of Zot
 70124 | Zot:5    | Found Deroapha's Changing Room.
 70131 | Zot:5    | Noticed an ancient lich
 70150 | Zot:5    | Killed an ancient lich
 70224 | Zot:5    | Noticed an ancient lich
 70240 | Zot:5    | Killed an ancient lich
 70459 | Zot:5    | Noticed an orb of fire
 70471 | Zot:5    | Killed an orb of fire
 70493 | Zot:5    | Noticed an orb of fire
 70493 | Zot:5    | Noticed an orb of fire
 70494 | Zot:5    | Gained mutation: You are dopey. (Int -2) [an orb of fire]
 70497 | Zot:5    | Noticed an ancient lich
 70497 | Zot:5    | Gained mutation: You occasionally shout uncontrollably at
                  | your foes. [an orb of fire]
 70508 | Zot:5    | Killed an orb of fire
 70545 | Zot:5    | Cast into level 5 of the Abyss (the power of Zot)
 70545 | Abyss:5  | Entered Level 5 of the Abyss
 70568 | Abyss:5  | Found a shimmering altar of Xom.
 70579 | Abyss:5  | Found a shimmering altar of Xom.
 70581 | Abyss:5  | Found a shimmering altar of Xom.
 70581 | Abyss:5  | Found a corrupted altar of Lugonu.
 70582 | Abyss:5  | Found a shimmering altar of Xom.
 70582 | Abyss:5  | Found a shimmering altar of Xom.
 70640 | Zot:5    | Escaped the Abyss
 70658 | Zot:4    | Gained mutation: Your muscles are strong. (Str +2) [an orb
                  | of fire]
 70666 | Zot:4    | Gained mutation: You are clumsy. (Dex -2) [an orb of fire]
 70667 | Zot:4    | Gained mutation: You sometimes yell uncontrollably at your
                  | foes. [an orb of fire]
 70677 | Zot:4    | Killed an orb of fire
 71082 | Zot:5    | Killed an ancient lich
 71398 | Zot:5    | Reached skill level 24 in Fighting
 71622 | Zot:5    | Noticed an ancient lich
 71628 | Zot:5    | Noticed an orb of fire
 71629 | Zot:5    | Killed an ancient lich
 71629 | Zot:5    | Received a gift from Trog
 71629 | Zot:5    | Gained mutation: You frequently scream uncontrollably at
                  | your foes. [an orb of fire]
 71649 | Zot:5    | Killed an orb of fire
 71857 | Zot:5    | Got the Orb of Zot
 71921 | Zot:5    | Noticed an ancient lich
 71935 | Zot:5    | Killed an ancient lich
 71952 | Zot:5    | Noticed Dyman the pandemonium lord
 71960 | Zot:5    | Killed from afar by Dyman the pandemonium lord

Skill      XL: |  1  2  3  4  5  6  7  8  9 10 11 12 13 14 15 16 17 18 19 20 21 22 23 24 25 26 27 |
---------------+----------------------------------------------------------------------------------+-----
Axes           | 3 4 5 6 7 8 10 11 12 13 15 16 17 18 | 18.0
Fighting       | 4 5 6 7 8 9 10 11 12 13 14 15 16 17 18 19 20 21 22 24 | 24.2
Shields        | 1 3 5 6 7 8 9 10 11 12 13 14 15 | 15.5
Armour         | 2 4 6 7 8 9 10 12 13 14 16 17 18 19 22 | 22.2
Slings         | 1 7 9 10 11 12 14 | 14.4
Evocations     | 3 8 10 11 12 16 | 16.8
Dodging        | 2 8 12 14 15 18 | 18.0

Action                   |  1- 3 |  4- 6 |  7- 9 | 10-12 | 13-15 | 16-18 | 19-21 | 22-24 | 25-27 || total
-------------------------+-------+-------+-------+-------+-------+-------+-------+-------+-------++-------
Melee: Hand axe          |    92 |   159 |   526 |       |       |       |       |       |       ||   777
       Headbutt          |     9 |    23 |    99 |    80 |   243 |   132 |   449 |   570 |   743 ||  2348
       Broad axe         |       |       |    67 |   414 |   853 |   459 |  1359 |  1604 |  1912 ||  6668
       Morningstar       |       |       |       |     1 |       |       |       |       |       ||     1
 Fire: Hunting sling     |       |       |       |   246 |   549 |   552 |   415 |   264 |   287 ||  2313
Throw: Tomahawk          |       |    14 |     4 |     1 |       |       |       |       |       ||    19
       Javelin           |       |       |       |       |     2 |     3 |    17 |     1 |    13 ||    36
Invok: Berserk           |     3 |     2 |     9 |     1 |     9 |     1 |     2 |       |     1 ||    28
       Trog's Hand       |       |     2 |     6 |     3 |    14 |     9 |    25 |    17 |    15 ||    91
       Brothers in Arms  |       |       |     2 |     6 |    15 |     7 |    14 |    16 |    22 ||    82
Evoke: Wand              |       |       |       |     1 |     1 |       |     3 |     3 |     7 ||    15
       Horn of Geryon    |       |       |       |       |       |       |       |       |     1 ||     1
  Use: Scroll            |       |       |    20 |    16 |     7 |     5 |    27 |    14 |    13 ||   102
       Potion            |       |       |       |     3 |     7 |     1 |     4 |       |    11 ||    26
 Stab: Distracted        |       |       |       |       |       |       |     6 |     3 |    10 ||    19
       Sleeping          |       |       |       |       |       |       |     2 |       |       ||     2
       Confused          |       |       |       |       |       |       |       |       |     1 ||     1
  Eat: Ration            |     1 |     1 |     2 |     3 |     1 |     4 |     3 |     7 |     7 ||    29
       Chunk             |     1 |     4 |    26 |    21 |    45 |    18 |    45 |    25 |    33 ||   218
Armor: Animal skin       |    13 |       |       |       |       |       |       |       |       ||    13
       Chain mail        |    43 |    69 |   217 |   146 |       |   100 |    20 |       |       ||   595
       Scale mail        |       |       |       |    34 |   279 |    32 |   292 |       |       ||   637
       Ice dragon scales |       |       |       |       |       |       |    10 |       |       ||    10
       Plate armour      |       |       |       |       |       |       |   105 |   391 |   110 ||   606
       Fire dragon scale |       |       |       |       |       |       |       |       |   122 ||   122
       Gold dragon scale |       |       |       |       |       |       |       |       |   307 ||   307
       Acid dragon scale |       |       |       |       |       |       |       |       |     4 ||     4
Dodge: Dodged            |    37 |    43 |   149 |   159 |   232 |    98 |   305 |   255 |   609 ||  1887
Block: Other             |     8 |    26 |    33 |       |       |       |       |       |       ||    67
       Buckler           |       |       |   133 |   195 |     4 |       |       |       |       ||   332
       Shield            |       |       |       |       |   656 |   345 |  1351 |  1478 |  1872 ||  5702
